 Dungeon Crawl Stone Soup version 0.30-a0-141-g30f27751c5 (webtiles) character file.

Game seed: 7912854593710401770

1411 Sobieck the Chopper (level 8, -16/70 HPs)
             Began as a Ghoul Gladiator on Sept 25, 2022.
             Killed from afar by an acid dragon (22 damage)
             ... with a splash of acid
             ... on level 5 of the Dungeon.
             The game lasted 00:08:43 (5180 turns).

Sobieck the Chopper (Ghoul Gladiator)               Turns: 5180, Time: 00:08:44

Health: -16/70     AC:  8    Str: 20    XL:     8   Next: 70%
Magic:  7/7        EV:  8    Int:  3    God:
Gold:   311        SH:  0    Dex: 10    Spells: 7/7 levels left

rFire   . . .      SeeInvis .    a - +0 war axe {axe}
rCold   + . .      Faith    .    (no shield)
rNeg    + + +      Spirit   .    u - +0 chain mail
rPois   ∞          Reflect  .    c - +0 helmet
rElec   .          Harm     .    (no cloak)
rCorr   .          Rampage  .    t - +0 pair of gloves
Will    .....                    (no boots)
Stlth   ..........               (no amulet)
HPRegen 0.00/turn                K - +4 ring of protection
MPRegen 0.10/turn                (no ring)

@: corroded, inhibited regen
A: claws 1, cold resistance 1, negative energy resistance 3, inhibited
regeneration, torment resistance 2, devour on kill
a: no special abilities


You were on level 5 of the Dungeon.
You visited 1 branch of the dungeon, and saw 6 of its levels.

You collected 311 gold pieces.


Innate Abilities, Weirdness & Mutations

You are immune to poison.
You have sharp fingernails.
Your flesh is cold resistant. (rC+)
You are immune to negative energy. (rN+++)
You do not regenerate when monsters are visible.
You are immune to unholy pain and torment.
You thrive by killing the living.


   Skills:
 + Level 6.1 Fighting
 * Level 7.3 Axes
 - Level 1.7 Throwing
 + Level 4.5 Armour
 - Level 2.6 Dodging


You had 7 spell levels left.
You didn't know any spells.
Your spell library was empty.

Inventory:

Hand Weapons
 a - a +0 war axe (weapon) {axe}
 b - a +0 sling
   (You found it on level 2 of the Dungeon)
 C - a +2 dagger of draining {short}
   (You took it off a goblin on level 4 of the Dungeon)
 I - a +0 dagger of venom {short}
   (You found it on level 4 of the Dungeon)
 S - a +0 whip of electrocution {mace}
   (You took it off Pikel on level 5 of the Dungeon)
Missiles
 d - 3 throwing nets {=f!fthrowing}
 e - a javelin {throwing}
 g - 20 stones {throwing}
 L - 4 boomerangs {throwing}
 P - 4 poisoned darts {throwing}
Armour
 c - a +0 helmet (worn)
 k - a +0 ring mail
   (You found it on level 1 of the Dungeon)
 l - a +0 ring mail
   (You found it on level 2 of the Dungeon)
 n - a +0 scale mail
   (You found it on level 4 of the Dungeon)
 o - a +0 leather armour
 p - a +0 robe
   (You took it off Jessica on level 2 of the Dungeon)
 r - a +0 ring mail of fire resistance
   (You found it on level 2 of the Dungeon)
 t - a +0 pair of gloves (worn)
   (You found it on level 2 of the Dungeon)
 u - a +0 chain mail (worn)
   (You took it off a kobold on level 2 of the Dungeon)
 w - a +0 robe
   (You found it on level 3 of the Dungeon)
 x - a +0 ring mail
   (You took it off an orc on level 3 of the Dungeon)
 y - a +0 chain mail
   (You took it off an orc on level 2 of the Dungeon)
 B - a +0 leather armour
   (You took it off an orc on level 3 of the Dungeon)
 D - a +0 leather armour
   (You found it on level 3 of the Dungeon)
 E - a +0 robe
   (You took it off an orc wizard on level 3 of the Dungeon)
 F - a +0 leather armour
   (You took it off an orc on level 3 of the Dungeon)
 G - a +0 leather armour
   (You took it off an orc on level 3 of the Dungeon)
 H - a +0 scale mail
   (You found it on level 5 of the Dungeon)
 J - a +0 chain mail
   (You took it off an orc on level 5 of the Dungeon)
 M - a +0 robe
   (You took it off Blork the orc on level 6 of the Dungeon)
 N - a +0 leather armour
   (You took it off an orc on level 5 of the Dungeon)
 O - a +0 scale mail
   (You took it off an orc on level 5 of the Dungeon)
 Q - a +0 robe
   (You found it on level 5 of the Dungeon)
 T - a +0 robe
   (You took it off Pikel on level 5 of the Dungeon)
Magical Staves
 z - a staff of death {!astaff}
   (You found it on level 3 of the Dungeon)
Jewellery
 K - a +4 ring of protection (left hand)
   (You found it on level 5 of the Dungeon)
Scrolls
 A - a scroll of immolation {!r!r}
Potions
 f - 3 potions of heal wounds {@q2}
 h - a potion of lignification {unknown}
 i - 2 potions of flight
 j - 2 potions of mutation {unknown}
 m - 2 potions of cancellation
 q - a potion of ambrosia {unknown}
 s - 2 potions of haste {@q3}
 v - a potion of degeneration {unknown}
 R - a potion of curing {unknown}

Dungeon Overview and Level Annotations

Branches:
Dungeon (6/15) Zot: 26292
 Temple: D:4-7

Altars:
Cheibriados
Gozag
Sif Muna

Annotations:
D:6 Eustachio

## #.#.#.#.# #######
#.#...#.# #.....#
#.#.....###.....##.
#.#.......'.....'..
#.##.#.#.##.....######
#....#...########....#
########.### #....#
#...######....#
###..@D..#....#
######.#....# #.#....#
#.'....## #.
###.....## #. #......#
#. ######.### #.
#...###. ###.....


You could see an acid dragon (catching breath).


Message History

You are no longer corroded.
You start resting.
Unknown command.
You open the door.
There is an open door here.
Unknown command.
Unknown command.
Pikel is nearby!
Danger!
Unknown command.
Pikel shouts!
A lemure comes into view.
A lemure comes into view.
The lemure shouts! x3
A lemure comes into view.
Pikel attacks as you move away! Pikel hits you but does no damage.
Pikel says, "I'm sure the Orcish Mines are around here somewhere..."
Pikel attacks as you move away!
Pikel hits you with a +0 whip of electrocution!
You are electrocuted!
You hit Pikel.
Pikel hits you with a +0 whip of electrocution.
Unknown command.
You closely miss Pikel.
Pikel hits you with a +0 whip of electrocution.
You slash Pikel! Pikel completely misses you.
Unknown command.
You slash Pikel!
Pikel hits you with a +0 whip of electrocution.
You are electrocuted!
* * * LOW HITPOINT WARNING * * *
You miss Pikel. Pikel closely misses you.
Pikel says, "Antaeus said I was his favorite kobold.
Me!"
Pikel hits you but does no damage.
You slash Pikel! Pikel hits you but does no damage.
Unknown command.
You hit Pikel.
You kill Pikel!
With Pikel's spell broken, his former minions thank you for their freedom.
The lemure departs this earthly plane. x3
Your Fighting skill increases to level 6!
Your Axes skill increases to level 7!
Your Armour skill increases to level 4!
Unknown command.
S - a +0 whip of electrocution {mace};
T - a +0 robe You see here the kobold corpse of Pikel.
Unknown command.
You start resting.
Unknown command.
An acid dragon is nearby!
Danger!
Unknown command.
The acid dragon roars!
You see here the kobold corpse of Pikel.
Unknown command.
You hit the acid dragon but do no damage.
The acid dragon bites you but does no damage.
The acid dragon claws you but does no damage.
You hit the acid dragon.
The acid dragon bites you but does no damage.
The acid dragon barely misses you.
Unknown command.
You barely miss the acid dragon.
The acid dragon bites you but does no damage.
The acid dragon claws you but does no damage.
You hit the acid dragon. Your punch misses the acid dragon.
The acid dragon completely misses you.
The acid dragon claws you but does no damage.
Unknown command.
You hit the acid dragon. The acid dragon spits acid at you.
The splash of acid hits you! The acid corrodes you!
The acid dragon closely misses you. The acid dragon claws you.
You closely miss the acid dragon. The acid dragon bites you.
The acid dragon claws you.
You closely miss the acid dragon. The acid dragon bites you!
The acid dragon claws you but does no damage.
Unknown command.
You hit the acid dragon.
The acid dragon bites you but does no damage.
The acid dragon barely misses you.
You hit the acid dragon but do no damage.
The acid dragon bites you but does no damage.
The acid dragon barely misses you.
You closely miss the acid dragon.
The acid dragon bites you but does no damage.
The acid dragon claws you but does no damage.
You hit the acid dragon but do no damage.
The acid dragon spits acid at you. The splash of acid hits you!!
* * * LOW HITPOINT WARNING * * *
The acid corrodes you! The acid dragon bites you!
* * * LOW HITPOINT WARNING * * *
The acid dragon barely misses you.
Unknown command.
You barely miss the acid dragon. The acid dragon bites you.
* * * LOW HITPOINT WARNING * * *
The acid dragon claws you.
* * * LOW HITPOINT WARNING * * *
You closely miss the acid dragon. The acid dragon spits acid at you.
The splash of acid hits you!!
You die...

Skill      XL: |  1  2  3  4  5  6  7  8 |
---------------+-------------------------+-----
Axes           | 3 4 5 6 7 |  7.3
Armour         | 1 2 3 4 |  4.5
Fighting       | 3 4 5 6 |  6.1
Throwing       | |  1.7
Dodging        | |  2.6

Action                   |  1- 3 |  4- 6 |  7- 9 || total
-------------------------+-------+-------+-------++-------
Melee: War axe           |   107 |   139 |   121 ||   367
       Punch             |     1 |     2 |       ||     3
 Fire: Sling             |       |    82 |    32 ||   114
  Use: Scroll            |       |     9 |     2 ||    11
 Stab: Sleeping          |     1 |       |       ||     1
Armor: Leather armour    |    26 |       |       ||    26
       Ring mail         |    20 |    35 |       ||    55
       Chain mail        |       |    55 |    82 ||   137
Dodge: Dodged            |    77 |    80 |    55 ||   212

Levels and vault maps discovered:
D:1:      heliophobic_arrival_ceremonial_halls, layout_loops_ring
D:2:      minmay_chambers_of_ones, layout_loops_ring, basic_altar, uniq_jessica
D:3:      layout_rooms, mainiacjoe_overflow_divided_tiny,
          dreamdust_ecumenical_altar_statues
D:4:      layout_rooms
D:5:      layout_basic, uniq_menkaure, uniq_pikel, uniq_eustachio
D:6:      layout_basic, minmay_temple_entry_antechambers,
          gammafunk_ghost_cemetery, uniq_blork_the_orc, uniq_edmund,
          uniq_duvessa

Notes
Turn   | Place    | Note
-------+----------+-------------------------------------------
     0 | D:1      | Sobieck the Ghoul Gladiator began the quest for the Orb.
     0 | D:1      | Reached XP level 1. HP: 17/17 MP: 0/0
   225 | D:1      | Reached XP level 2. HP: 25/25 MP: 1/1
   238 | D:1      | Reached skill level 3 in Axes
   438 | D:1      | Reached XP level 3. HP: 30/30 MP: 2/2
   504 | D:1      | Reached skill level 1 in Armour
  1044 | D:2      | Found an opulent altar of Gozag.
  1179 | D:2      | Reached skill level 3 in Fighting
  1179 | D:2      | Reached XP level 4. HP: 38/38 MP: 3/3
  1257 | D:2      | Noticed Jessica
  1264 | D:2      | Killed Jessica
  1622 | D:2      | Reached skill level 4 in Axes
  1860 | D:3      | Reached XP level 5. HP: 45/45 MP: 4/4
  2027 | D:3      | HP: 11/45 [orc/+0 hand axe (5)]
  2375 | D:3      | Found a shimmering blue altar of Sif Muna.
  2376 | D:3      | Found a snail-covered altar of Cheibriados.
  2407 | D:3      | Reached skill level 2 in Armour
  2632 | D:3      | Found a faded altar of an unknown god.
  2729 | D:3      | Reached XP level 6. HP: 30/52 MP: 5/5
  3014 | D:4      | Reached skill level 4 in Fighting
  3459 | D:5      | Entered Level 5 of the Dungeon
  3524 | D:5      | Reached skill level 5 in Axes
  3667 | D:5      | Reached XP level 7. HP: 46/60 MP: 6/6
  3758 | D:5      | Reached skill level 3 in Armour
  3940 | D:5      | Noticed Menkaure
  3951 | D:5      | Noticed Pikel
  3952 | D:5      | Killed Menkaure
  4128 | D:5      | Reached skill level 5 in Fighting
  4128 | D:5      | Reached skill level 6 in Axes
  4403 | D:5      | Reached XP level 8. HP: 64/68 MP: 7/7
  4475 | D:5      | Noticed Eustachio
  4658 | D:6      | Noticed Blork the orc
  4672 | D:6      | Killed Blork the orc
  4997 | D:5      | Killed Pikel
  4998 | D:5      | Reached skill level 6 in Fighting
  4998 | D:5      | Reached skill level 7 in Axes
  4998 | D:5      | Reached skill level 4 in Armour
  5178 | D:5      | HP: 13/70 [acid dragon (8)]
  5179 | D:5      | HP: 6/70 [acid dragon (3)]
  5180 | D:5      | Killed from afar by an acid dragon

Vanquished Creatures
  Pikel (D:5)
  Menkaure (D:5)
  An ogre (D:5)
  A necrophage (D:5)
  Blork the orc (D:6)
  3 scorpions
  A jelly (D:5)
  2 hounds (D:5)
  2 orc priests (D:3)
  Jessica (D:2)
  An orc wizard (D:3)
  3 iguanas
  4 gnolls
  8 adders
  A dart slug (D:4)
  16 orcs
  8 bats
  13 endoplasms
  3 giant cockroaches (D:1)
  5 goblins
  6 hobgoblins
  3 jackals (D:1)
  7 kobolds
  4 quokkas
  5 ball pythons
  4 frilled lizards
  7 rats
112 creatures vanquished.

Table legend:
 A = Non-vault XP
 B = Vault XP
 C = Vault XP percentage of total XP
 D = Non-vault monster count
 E = Vault monster count
 F = Vault count percentage of total count
                 A         B        C        D         E       F
            +---------+---------+-------+---------+---------+-------
      Total |    1107 |     909 |  45.1 |     103 |       9 |   8.0
            +---------+---------+-------+---------+---------+-------
        D:1 |      43 |       0 |   0.0 |      25 |       0 |   0.0
        D:2 |      65 |      57 |  46.7 |      18 |       6 |  25.0
        D:3 |     186 |       0 |   0.0 |      25 |       0 |   0.0
        D:4 |     150 |       0 |   0.0 |      12 |       0 |   0.0
        D:5 |     553 |     765 |  58.0 |      20 |       2 |   9.1
        D:6 |     110 |      87 |  44.2 |       3 |       1 |  25.0
            +---------+---------+-------+---------+---------+-------

Illustrated notes

Table legend:
 A = Kills in this place as a percentage of kills in entire the game.
 B = Kills by you in this place as a percentage of kills by you in the entire game.
 C = Kills by friends in this place as a percentage of kills by friends in the entire game.
 D = Other kills in this place as a percentage of other kills in the entire game.
 E = Experience gained in this place as a percentage of experience gained in the entire game.
 F = Experience gained in this place divided by the number of levels of this place that you have seen.
                   A       B       C       D       E      F
               +-------+-------+-------+-------+-------+----------------------
         Total | 100.0 | 100.0 |   N/A |   N/A | 100.0 | 336.0
       Dungeon | 100.0 | 100.0 |   N/A |   N/A | 100.0 | 336.0
               +-------+-------+-------+-------+-------+----------------------

Table legend: (Time is in decaauts)
 A = Elapsed time spent in this place.
 B = Non-inter-level travel time spent in this place.
 C = Inter-level travel time spent in this place.
 D = Time resting spent in this place.
 E = Time spent auto-exploring this place.
 F = Levels seen in this place.
 G = Mean time per level.
                   A        B        C        D        E       F      G
               +--------+--------+--------+--------+--------+-----+--------+
         Total |   5312 |   5120 |    192 |   1378 |   2555 |   6 |  885.3 |
       Dungeon |   5312 |   5120 |    192 |   1378 |   2555 |   6 |  885.3 |
               +--------+--------+--------+--------+--------+-----+--------+

Top non-repeatable levels by time:
     D:2: 1419 daAuts
     D:5: 1304 daAuts
     D:3: 795 daAuts
     D:1: 782 daAuts
     D:4: 663 daAuts
     D:6: 345 daAuts
